SAAA
PAWNEE PARKSNREC @ SCRANTON SUPERNOVAS
07/25/2041
 
TOP OF THE 1ST
Pawnee ParksNRec batting - Pitching for Scranton Supernovas : RHP Liam Thomson
Pitching: RHP Liam Thomson
Batting: RHB Hiroshige Ohashi 0-0: Ball
1-0: Ball
2-0: Foul Ball, location: 2F
2-1: Ground out 4-3 (Groundball, 4M, EV 98.8 MPH)
Batting: RHB Josh Mawdesley 0-0: Foul Ball, location: 2F
0-1: Fly out, F8 (Line Drive, 8RD, EV 84.4 MPH)
Batting: RHB Peni Ferede 0-0: Fly out, F8 (Line Drive, 8LD, EV 88.8 MPH)
Top of the 1st over - 0 runs, 0 hits, 0 errors, 0 left on base; Pawnee 0 - Scranton 0
BOTTOM OF THE 1ST
Scranton Supernovas batting - Pitching for Pawnee ParksNRec : RHP Kent Martin
Pitching: RHP Kent Martin
Batting: LHB Guan-pei Bei 0-0: Fly out, F9 (Flyball, 9, EV 90.0 MPH)
Batting: RHB Román Ramírez 0-0: Foul Ball, location: 2F
0-1: Swinging Strike
0-2: Strikes out looking
Batting: LHB Robby Sinor 0-0: Ball
1-0: DOUBLE (Line Drive, 9LS, EV 104.4 MPH)
Batting: LHB Mario Ramos 0-0: Foul Ball, location: 2F
0-1: Ball
1-1: Ball
2-1: Swinging Strike
2-2: Ball
3-2: Fly out, F8 (Line Drive, 8LD, EV 95.6 MPH)
Bottom of the 1st over - 0 runs, 1 hit, 0 errors, 1 left on base; Pawnee 0 - Scranton 0
TOP OF THE 2ND
Pawnee ParksNRec batting - Pitching for Scranton Supernovas : RHP Liam Thomson
Batting: LHB Alex Avery 0-0: Ball
1-0: Ball
2-0: Called Strike
2-1: Foul Ball, location: 2F
2-2: Fly out, F7 (Flyball, 7D, EV 95.0 MPH)
Batting: RHB Gilberto Ramírez 0-0: Ball
1-0: Ball
2-0: Ground out U3 (Groundball, 34, EV 77.5 MPH)
Batting: RHB Ken Bone 0-0: Called Strike
0-1: Ball
1-1: Called Strike
1-2: Strikes out looking
Top of the 2nd over - 0 runs, 0 hits, 0 errors, 0 left on base; Pawnee 0 - Scranton 0
BOTTOM OF THE 2ND
Scranton Supernovas batting - Pitching for Pawnee ParksNRec : RHP Kent Martin
Batting: LHB Bill Stanton 0-0: Ball
1-0: Called Strike
1-1: Called Strike
1-2: Ball
2-2: Ball
3-2: SINGLE (Groundball, 34D, EV 100.0 MPH)
Batting: RHB John Willoughby 0-0: Fielders Choice at 2nd, 4-6 (Groundball, 34, EV 88.1 MPH)
Batting: LHB Samual Johnson 0-0: Ball
1-0: Foul Ball, location: 2F
1-1: Ball
2-1: Ball
3-1: Grounds into double play, 4-6-3 (Groundball, 34, EV 91.9 MPH)
Bottom of the 2nd over - 0 runs, 1 hit, 0 errors, 0 left on base; Pawnee 0 - Scranton 0
TOP OF THE 3RD
Pawnee ParksNRec batting - Pitching for Scranton Supernovas : RHP Liam Thomson
Batting: RHB Ashton Bailey 0-0: Foul Ball, location: 2F
0-1: Ball
1-1: Called Strike
1-2: Ball
2-2: Ball
3-2: Ground out 4-3 (Groundball, 4, EV 87.5 MPH)
Batting: RHB Germán Pérez 0-0: Ball
1-0: Ball
2-0: Called Strike
2-1: Ball
3-1: Ground out 6-3 (Groundball, 6, EV 88.1 MPH)
Batting: RHB Manuel Acosta 0-0: Ball
1-0: Ball
2-0: Swinging Strike
2-1: Ball
3-1: Ground out 6-3 (Groundball, 6D, EV 81.2 MPH)
Top of the 3rd over - 0 runs, 0 hits, 0 errors, 0 left on base; Pawnee 0 - Scranton 0
BOTTOM OF THE 3RD
Scranton Supernovas batting - Pitching for Pawnee ParksNRec : RHP Kent Martin
Batting: RHB Yu-shu Tseng 0-0: Ball
1-0: Swinging Strike
1-1: Called Strike
1-2: Strikes out swinging
Batting: RHB José Leyva 0-0: Ball
1-0: Swinging Strike
1-1: Ball
2-1: Foul Ball, location: 2F
2-2: Strikes out swinging
Batting: LHB Guan-pei Bei 0-0: Bunt for hit to 13 - play at first, batter OUT! 1-3
Bottom of the 3rd over - 0 runs, 0 hits, 0 errors, 0 left on base; Pawnee 0 - Scranton 0
TOP OF THE 4TH
Pawnee ParksNRec batting - Pitching for Scranton Supernovas : RHP Liam Thomson
Batting: RHB Hiroshige Ohashi 0-0: Ground out 6-3 (Groundball, 56, EV 104.4 MPH)
Batting: RHB Josh Mawdesley 0-0: Called Strike
0-1: Ground out 6-3 (Groundball, 6, EV 88.8 MPH)
Batting: RHB Peni Ferede 0-0: Ball
1-0: Called Strike
1-1: SINGLE (Groundball, 56D, EV 100.6 MPH)
Batting: LHB Alex Avery 0-0: Ball
1-0: Called Strike
Pickoff Throw by Catcher to First - Error! E2
Peni Ferede to second
1-1: Ball
2-1: Foul Ball, location: 2F
2-2: Fly out, F8 (Flyball, 89M, EV 91.9 MPH)
Top of the 4th over - 0 runs, 1 hit, 1 error, 1 left on base; Pawnee 0 - Scranton 0
BOTTOM OF THE 4TH
Scranton Supernovas batting - Pitching for Pawnee ParksNRec : RHP Kent Martin
Batting: RHB Román Ramírez 0-0: Ball
1-0: Foul Ball, location: 2F
1-1: Called Strike
1-2: Ball
2-2: Ball
3-2: Ground out 5-3 (Groundball, 56, EV 86.2 MPH)
Batting: LHB Robby Sinor 0-0: Foul Ball, location: 2F
0-1: Foul Ball, location: 2F
0-2: Ball
1-2: Foul Ball, location: 2F
1-2: Ball
2-2: Ball
3-2: Foul Ball, location: 2F
3-2: SINGLE (Line Drive, 34D, EV 99.4 MPH)
Batting: LHB Mario Ramos 0-0: 2-RUN HOME RUN (Flyball, 7LD, EV 110.6 MPH), Distance : 351 ft
Batting: LHB Bill Stanton 0-0: Ball
1-0: Ball
2-0: Reached on error, E5 (Groundball, 5, EV 103.8 MPH)
Batting: RHB John Willoughby 0-0: Called Strike
0-1: Foul Ball, location: 2F
0-2: Ball
1-2: DOUBLE (Groundball, 5L, EV 109.4 MPH)
Bill Stanton to third
Runner from 3rd tries for Home, SAFE, throw by LF to trailing runner, OUT at third! 7-6-5
Batting: LHB Samual Johnson 0-0: Foul Ball, location: 2F
0-1: Fly out, F9 (Line Drive, 9, EV 94.4 MPH)
Bottom of the 4th over - 3 runs, 3 hits, 1 error, 0 left on base; Pawnee 0 - Scranton 3
TOP OF THE 5TH
Pawnee ParksNRec batting - Pitching for Scranton Supernovas : RHP Liam Thomson
Batting: RHB Gilberto Ramírez 0-0: Ball
1-0: Called Strike
1-1: Foul Ball, location: 2F
1-2: SOLO HOME RUN (Flyball, 78XD, EV 100.0 MPH), Distance : 436 ft
Batting: RHB Ken Bone 0-0: Called Strike
0-1: Fly out, F3 (Line Drive, 3, EV 69.4 MPH)
Batting: RHB Ashton Bailey 0-0: Ball
1-0: Called Strike
1-1: Ball
2-1: Ball
3-1: Fly out, F8 (Flyball, 8LM, EV 85.0 MPH)
Batting: RHB Germán Pérez 0-0: Ball
1-0: Swinging Strike
1-1: Swinging Strike
1-2: Strikes out looking
Top of the 5th over - 1 run, 1 hit, 0 errors, 0 left on base; Pawnee 1 - Scranton 3
BOTTOM OF THE 5TH
Scranton Supernovas batting - Pitching for Pawnee ParksNRec : RHP Kent Martin
Batting: RHB Yu-shu Tseng 0-0: Ground out 6-3 (Groundball, 6, EV 78.8 MPH)
Batting: RHB José Leyva 0-0: Ground out 6-3 (Groundball, 6, EV 87.5 MPH)
Batting: LHB Guan-pei Bei 0-0: SINGLE (Groundball, 15S, EV 66.9 MPH) (infield hit)
Batting: RHB Román Ramírez 0-0: Ball
1-0: Called Strike
1-1: Ball
Guan-pei Bei steals 2nd base
2-1: Ground out 6-3 (Groundball, 6S, EV 81.9 MPH)
Bottom of the 5th over - 0 runs, 1 hit, 0 errors, 1 left on base; Pawnee 1 - Scranton 3
TOP OF THE 6TH
Pawnee ParksNRec batting - Pitching for Scranton Supernovas : RHP Liam Thomson
Batting: RHB Manuel Acosta 0-0: SINGLE (Groundball, 34, EV 87.5 MPH) (infield hit)
Batting: RHB Hiroshige Ohashi 0-0: Ball
1-0: Sac Bunt to P - play at first, batter OUT! 1-4
Manuel Acosta to second
Batting: RHB Josh Mawdesley 0-0: Called Strike
0-1: Swinging Strike
0-2: Ball
1-2: Fly out, F2 (Popup, 23F, EV 76.2 MPH)
Batting: RHB Peni Ferede 0-0: Foul Ball, location: 2F
0-1: Called Strike
0-2: Ground out 6-3 (Groundball, 6, EV 83.8 MPH)
Top of the 6th over - 0 runs, 1 hit, 0 errors, 1 left on base; Pawnee 1 - Scranton 3
BOTTOM OF THE 6TH
Scranton Supernovas batting - Pitching for Pawnee ParksNRec : RHP Kent Martin
Batting: LHB Robby Sinor 0-0: Ball
1-0: Ball
2-0: Called Strike
2-1: Foul Ball, location: 2F
2-2: Ball
3-2: Ground out 4-3 (Groundball, 34, EV 80.6 MPH)
Batting: LHB Mario Ramos 0-0: Foul Ball, location: 2F
0-1: Foul Ball, location: 2F
0-2: Foul Ball, location: 2F
0-2: Ball
1-2: Foul Ball, location: 2F
1-2: Ball
2-2: Ball
3-2: Foul Ball, location: 2F
3-2: Fly out, F4 (Popup, 4S, EV 71.2 MPH)
Batting: LHB Bill Stanton 0-0: Reached on error, E6 (Groundball, 6, EV 88.1 MPH)
Batting: RHB John Willoughby 0-0: Ball
1-0: Called Strike
1-1: SINGLE (Line Drive, 56, EV 98.8 MPH)
Bill Stanton to second
Batting: LHB Samual Johnson 0-0: Called Strike
0-1: Foul Ball, location: 2F
0-2: Strikes out looking
Bottom of the 6th over - 0 runs, 1 hit, 1 error, 2 left on base; Pawnee 1 - Scranton 3
TOP OF THE 7TH
Pawnee ParksNRec batting - Pitching for Scranton Supernovas : RHP Liam Thomson
Batting: LHB Alex Avery 0-0: Ball
1-0: Ball
2-0: Ball
3-0: Base on Balls
Batting: RHB Gilberto Ramírez 0-0: Ball
1-0: Swinging Strike
1-1: Grounds into double play, 6-4-3 (Groundball, 6, EV 80.6 MPH)
Batting: RHB Ken Bone 0-0: Ball
1-0: Ball
2-0: Fly out, F9 (Line Drive, 9, EV 93.1 MPH)
Top of the 7th over - 0 runs, 0 hits, 0 errors, 0 left on base; Pawnee 1 - Scranton 3
BOTTOM OF THE 7TH
Scranton Supernovas batting - Pitching for Pawnee ParksNRec : RHP Kent Martin
Batting: RHB Yu-shu Tseng 0-0: Ball
1-0: Ground out 6-3 (Groundball, 6, EV 103.8 MPH)
Batting: RHB José Leyva 0-0: Ground out 6-3 (Groundball, 6M, EV 91.2 MPH)
Batting: LHB Guan-pei Bei 0-0: Called Strike
0-1: SINGLE (Flyball, 89S, EV 92.5 MPH)
Batting: RHB Román Ramírez 0-0: Ball
1-0: Ball
Wild Pitch!
Guan-pei Bei to second
2-0: Ground out 5-3 (Groundball, 56S, EV 81.9 MPH)
Bottom of the 7th over - 0 runs, 1 hit, 0 errors, 1 left on base; Pawnee 1 - Scranton 3
TOP OF THE 8TH
Pawnee ParksNRec batting - Pitching for Scranton Supernovas : RHP Liam Thomson
Batting: RHB Ashton Bailey 0-0: Called Strike
0-1: Called Strike
0-2: Strikes out swinging
Batting: RHB Germán Pérez 0-0: Ball
1-0: Foul Ball, location: 2F
1-1: Ground out 5-3 (Groundball, 56, EV 90.0 MPH)
Batting: RHB Manuel Acosta 0-0: Foul Ball, location: 2F
0-1: Ball
1-1: Swinging Strike
1-2: Foul Ball, location: 2F
1-2: SINGLE (Line Drive, 7LS, EV 93.8 MPH)
Batting: RHB Hiroshige Ohashi 0-0: Foul Ball, location: 2F
0-1: Ground out 6-3 (Groundball, 6MD, EV 101.9 MPH)
Top of the 8th over - 0 runs, 1 hit, 0 errors, 1 left on base; Pawnee 1 - Scranton 3
BOTTOM OF THE 8TH
Scranton Supernovas batting - Pitching for Pawnee ParksNRec : RHP Kent Martin
Pitching: RHP John McNeill
Batting: LHB Robby Sinor 0-0: Fly out, F8 (Flyball, 78D, EV 90.0 MPH)
Batting: LHB Mario Ramos 0-0: Ball
1-0: Called Strike
1-1: Ball
2-1: Foul Ball, location: 2F
2-2: Strikes out swinging
Batting: LHB Bill Stanton 0-0: Ball
1-0: Ball
2-0: Called Strike
2-1: Fly out, F9 (Flyball, 89S, EV 86.9 MPH)
Bottom of the 8th over - 0 runs, 0 hits, 0 errors, 0 left on base; Pawnee 1 - Scranton 3
TOP OF THE 9TH
Pawnee ParksNRec batting - Pitching for Scranton Supernovas : RHP Liam Thomson
Pitching: RHP Trevor Brohard
Now at 1B: José Ortega
Now at 3B: Yi-da Yee
Batting: RHB Josh Mawdesley 0-0: Called Strike
0-1: Foul Ball, location: 2F
0-2: SINGLE (Line Drive, 6D, EV 101.9 MPH)
Batting: RHB Peni Ferede 0-0: Ball
1-0: Called Strike
1-1: DOUBLE (Flyball, 8RXD, EV 105.0 MPH)
Josh Mawdesley to third
Batting: LHB Alex Avery 0-0: Foul Ball, location: 2F
0-1: Ball
1-1: Called Strike
1-2: Foul Ball, location: 2F
1-2: Ball
2-2: Ball
3-2: Ground out 6-3 (Groundball, 56, EV 103.8 MPH)
Josh Mawdesley scores
Batting: RHB Gilberto Ramírez 0-0: Ball
1-0: Ball
2-0: Swinging Strike
2-1: Called Strike
2-2: Strikes out swinging
Pinch Hitting: LHB Tom Washington 0-0: Called Strike
0-1: Called Strike
0-2: Ball
1-2: Ground out 4-3 (Groundball, 4D, EV 102.5 MPH)
Top of the 9th over - 1 run, 2 hits, 0 errors, 1 left on base; Pawnee 2 - Scranton 3
Tuesday, January 5th, 2021 - OOTP Baseball 20.8 Build 74